 Dungeon Crawl Stone Soup version 0.29.1-4-g47bece8355 (webtiles) character file.

Game seed: 3963285281921751823

421 GigaChad the Sneak (level 6, -6/51 (53) HPs)
             Began as a Minotaur Delver on Dec 6, 2022.
             Mangled by a wight
             ... wielding a +4 war axe
              (11 damage)
             ... on level 6 of the Dungeon.
             The game lasted 00:03:22 (1940 turns).

GigaChad the Sneak (Minotaur Delver)                Turns: 1940, Time: 00:03:23

HP:   -6/51 (53)    AC:  9    Str: 19    XL:     6   Next: 62%
MP:   5/5           EV:  8    Int:  7    God:
Gold: 72            SH:  0    Dex: 11    Spells: 1/5 levels left

rFire   . . .      SeeInvis .   o - +0 rapier of the Slime-mould {elec, rC+}
rCold   + . .      Faith    .   (no shield)
rNeg    . . .      Spirit   .   h - +0 chain mail
rPois   +          Reflect  .   (helmet restricted)
rElec   .          Harm     .   (no cloak)
rCorr   .          Rampage  .   (no gloves)
Will    +....                   (no boots)
Stlth   ..........              (no amulet)
HPRegen 0.17/turn               i - ring of Pesuduig {rPois Will+}
MPRegen 0.09/turn               (no ring)

@: lightly drained
A: horns 2, retaliatory headbutt
a: no special abilities


You were on level 6 of the Dungeon.
You visited 1 branch of the dungeon, and saw 2 of its levels.

You collected 72 gold pieces.

Inventory:

Hand Weapons
 a - a +0 falchion
 o - the +0 rapier of the Slime-mould (weapon) {elec, rC+}
   (You found it on level 5 of the Dungeon)

   It occasionally discharges a powerful burst of electricity upon striking a
   foe.
   rC:        It protects you from cold.
Armour
 b - a +0 leather armour
 h - a +0 chain mail (worn)
Jewellery
 i - the ring of Pesuduig (left hand) {rPois Will+}
   (You found it on level 5 of the Dungeon)

   [ring of willpower]

   rPois:     It protects you from poison.
   Will:      It increases your willpower.
Wands
 g - a wand of digging (3)
 j - a wand of roots (6)
Scrolls
 c - a scroll of fog
 d - a scroll of magic mapping
 e - a scroll of fear
 k - a scroll of blinking {unknown}
 l - a scroll of identify {unknown}
 q - a scroll of summoning {unknown}
Potions
 f - a potion of haste
 m - 2 potions of brilliance {unknown}
 n - a potion of mutation {unknown}
 p - a potion of heal wounds {unknown}


   Skills:
 + Level 4.5 Fighting
 + Level 1.1(2.6) Short Blades
 + Level 4.2(4.3) Long Blades
 + Level 3.8 Armour
 + Level 2.9 Dodging
 + Level 5.4 Stealth
 * Level 0.4 Conjurations


You had one spell level left.
You knew the following spells:

 Your Spells              Type           Power      Damage    Failure   Level
a - Fulminant Prism       Conj/Hex       0%         3d6       100%        4

Your spell library contained the following spells:

 Spells                   Type           Power      Damage    Failure   Level
 Inner Flame              Hex/Fire       0%         N/A       100%        3
 Ozocubu's Armour         Ice            0%         N/A       100%        3
 Animate Dead             Necr           0%         N/A       100%        4
 Cause Fear               Hex            0%         N/A       100%        4
 Metabolic Englaciation   Hex/Ice        0%         N/A       100%        5
 Ozocubu's Refrigeration  Ice            0%         4d7       100%        7
 Discord                  Hex            0%         N/A       100%        8


Dungeon Overview and Level Annotations

Branches:
Dungeon (6/15)
 Temple: D:4-7

Altars:

Shops:
D:5 *


Innate Abilities, Weirdness & Mutations

You have a pair of horns on your head.
You reflexively headbutt those who attack you in melee.


Message History

The wight barely misses you.
You barely miss the wight.
The wight is almost destroyed.
The wight hits you with a +1 mace.
You feel drained.
You hit the wight.
You destroy the wight!
Your Long Blades skill increases to level 4!
Things that are here:
a +1 mace; a +0 robe A wight comes into view.
It is wielding a +5 long sword of freezing.
You closely miss the wight.
You headbutt the wight, but do no damage.
The wight closely misses you.
You hit the wight but do no damage. Your headbutt misses the wight.
The wight barely misses you.
You barely miss the wight. You headbutt the wight.
The wight is lightly damaged.
The wight hits you with a +5 long sword of freezing!
* * * LOW HITPOINT WARNING * * *
You barely miss the wight. You headbutt the wight.
The wight is heavily damaged.
The wight hits you with a +5 long sword of freezing.
* * * LOW HITPOINT WARNING * * *
You feel drained.
* * * LOW HITPOINT WARNING * * *
You hit the wight but do no damage. Lightning courses through the wight!
You destroy the wight!
Your base Short Blades skill increases to level 1!
A wight comes into view. It is wielding a +4 war axe.
Things that are here:
a +5 long sword of freezing; a +0 robe You hit the wight but do no damage.
You headbutt the wight!
The wight is heavily damaged.
The wight hits you with a +4 war axe.
* * * LOW HITPOINT WARNING * * *
You feel drained.
You closely miss the wight.
The wight is heavily damaged.
The wight hits you with a +4 war axe!
You die...

.##.# #.#.
#.. #.#.
.####.#.##
......#.#
........##
.......... #
........#.
##.##########
.......##.
.......@z...#
....).. #.
##.....)###.#
......# #.
######...#.#
.##### #.
#...#.# #.
#..)#.# #.
#...#.##.###
#
#...........
####.###....
#.# .


You could see a wight.

Vanquished Creatures
  A phantom (D:6)
  A necrophage (D:5)
  2 wights (D:6)
  2 orc priests (D:5)
  2 iguanas
  2 orc wizards
  An adder (D:5)
  11 orcs
22 creatures vanquished.

Notes
Turn   | Place    | Note
-------+----------+-------------------------------------------
     0 | D:5      | GigaChad the Minotaur Delver began the quest for the Orb.
     0 | D:5      | Reached XP level 1. HP: 19/19 MP: 0/0
    20 | D:5      | Noticed an orc priest
    22 | D:5      | Noticed an orc priest
    28 | D:5      | Killed an orc priest
    29 | D:5      | Reached XP level 2. HP: 25/27 MP: 1/1
    29 | D:5      | Reached XP level 3. HP: 30/33 MP: 2/2
    42 | D:5      | Reached skill level 5 in Stealth
   481 | D:5      | Identified the ring of Pesuduig {rPois Will+}
   727 | D:5      | Reached skill level 1 in Armour
   727 | D:5      | Reached XP level 4. HP: 19/40 MP: 3/3
  1069 | D:5      | Found Sydearod's Assorted Antiques.
  1192 | D:5      | Noticed a necrophage
  1202 | D:5      | Killed a necrophage
  1203 | D:5      | Reached XP level 5. HP: 43/46 MP: 4/4
  1228 | D:5      | Identified the +0 rapier of the Slime-mould {elec, rC+}
  1595 | D:6      | Noticed a phantom
  1609 | D:6      | Killed a phantom
  1610 | D:6      | Reached XP level 6. HP: 43/53 MP: 5/5
  1672 | D:6      | Got the Cyclopedia of Loathsome Fascination
  1726 | D:6      | Learned a level 4 spell: Fulminant Prism
  1937 | D:6      | Reached skill level 1 in Short Blades
  1940 | D:6      | Mangled by a wight

Illustrated notes

Levels and vault maps discovered:
D:5:      layout_basic, serial_shops, shop
D:6:      layout_basic

Skill      XL: |  1  2  3  4  5  6 |
---------------+-------------------+-----
Fighting       | 4 |  4.5
Stealth        | 5 |  5.4
Armour         | 1 2 3 |  3.8
Long Blades    | 3 4 |  4.2
Short Blades   | 1 |  1.1
Dodging        | |  2.9
Conjurations   | |  0.4

Action                   |  1- 3 |  4- 6 || total
-------------------------+-------+-------++-------
Melee: Falchion          |    26 |    19 ||    45
       Headbutt          |     4 |    15 ||    19
       Rapier            |       |    49 ||    49
  Use: Scroll            |       |     1 ||     1
Armor: Chain mail        |     7 |    24 ||    31
       Leather armour    |     1 |       ||     1
Dodge: Dodged            |     9 |    23 ||    32
